AoeStats
← LEDheadlights

Arabia

504916281Analyzed
1v1 RM · 23d ago on Sep 7, 2026· 58m 32s· 2 players
Game mode
Random Map
Map size
Tiny (2 player)
Population
200
Speed
Normal
Resources
Standard
Victory
Conquest
Starting age
Dark Age
Ending age
Imperial Age
RankedLock teamsTeams togetherTeam positionsShared explorationLock speedFull tech treeHidden civsTurbo modeCheats
Victory
Defeat
🇺🇸 Goths · United States
1148
+15
🇦🇺 Romans · Australia
1131
-15
Jimmehhh
5:09 Loom
10:25 Feudal Age
10:48 Horse Collar
10:55 Double-Bit Axe
12:14 Man-at-Arms
17:06 Scale Mail Armor
20:42 Castle Age
19:22 Forging
20:51 Long Swordsman
21:47 Chain Mail Armor
23:51 Iron Casting
27:40 Wheelbarrow
27:17 Fletching
28:23 Ballistics
29:55 Redemption
36:09 Imperial Age
34:10 Bodkin Arrow
34:39 Hand Cart
36:35 Ballistas
36:20 Capped Ram
36:22 Heavy Scorpion
37:46 Siege Engineers
38:42 Chemistry
40:45 Onager
45:45 Murder Holes
50:45 Masonry
50:21 Light Cavalry
51:12 Bloodlines
54:06 Scale Barding Armor
55:02 Blast Furnace
54:04 Husbandry
54:27 Cavalier
57:58 Legionary
LEDheadlights
7:31 Loom
9:43 Feudal Age
9:44 Man-at-Arms
10:15 Double-Bit Axe
10:12 Horse Collar
15:38 Wheelbarrow
15:38 Scale Mail Armor
16:50 Forging
21:22 Castle Age
20:57 Gold Mining
21:26 Long Swordsman
22:23 Chain Mail Armor
23:32 Squires
24:32 Iron Casting
26:33 Bow Saw
28:19 Heavy Plow
30:09 Hand Cart
38:08 Imperial Age
38:23 Two-Handed Swordsman
39:02 Town Watch
40:28 Blast Furnace
40:50 Elite Huskarl
44:52 Anarchy
44:54 Perfusion
45:46 Perfusion
51:50 Pikeman
57:25 Conscription
Connection lost

Rejoining the realm…

Still unreachable

The connection could not be restored.

Session expired

The server has moved on; the page needs a fresh start.